 Dungeon Crawl Stone Soup version 0.31.0-12-g77e489cdc1 (webtiles) character file.

Game seed: 11489414289610065448

121 Gadfly the Trooper (level 5, -2/33 HPs)
             Began as a Gargoyle Fighter on Mar 3, 2024.
             Killed from afar by a white imp (5 damage)
             ... with a puff of frost
             ... on level 3 of the Dungeon.
             The game lasted 00:03:18 (1531 turns).

Gadfly the Trooper (Gargoyle Fighter)               Turns: 1531, Time: 00:03:19

Health: -2/33      AC: 13    Str: 19      XL:     5   Next: 5%
Magic:  6/6        EV:  9    Int:  6 (9)  God:
Gold:   88         SH:  5    Dex:  8 (11) Spells: 4/4 levels left

rFire   . . .        b - +2 hammer (protect)
rCold   . . .        c - +1 buckler
rNeg    + . .        j - +0 scale mail
rPois   ∞            (no helmet)
rElec   +            e - +1 cloak
rCorr   .            (no gloves)
SInv    .            (no boots)
Will    .....        (no amulet) Stlth
                     (no ring)
HPRegen 0.25/turn    (no ring)
MPRegen 0.10/turn

%: no passive effects
@: no status effects
A: sickness immunity, AC +4, negative energy resistance 1, electricity
resistance, torment resistance 1, petrification resistance
a: no special abilities


You were on level 3 of the Dungeon.
You visited 1 branch of the dungeon, and saw 3 of its levels.

You collected 88 gold pieces.

Inventory:

Hand Weapons
 a - a +2 hammer of draining
 b - a +2 hammer of protection (weapon)
 h - a +0 flail
Armour
 c - a +1 buckler (worn)
 e - a +1 cloak (worn)
 j - a +0 scale mail (worn)
Potions
 d - a potion of might
 g - a potion of enlightenment
 i - a potion of curing
 k - a potion of cancellation


   Skills:
 + Level 3.7 Fighting
 * Level 2.9 Maces & Flails
 + Level 3.6 Armour
 + Level 3.6 Shields
 * Level 2.1 Invocations
 * Level 1.6 Evocations


You had 4 spell levels left.
You didn't know any spells.
Your spell library was empty.

Dungeon Overview and Level Annotations

Branches:
Dungeon (3/15)

Altars:


Innate Abilities, Weirdness & Mutations

You are immune to sickness and miasma.
Your stone body is resilient. (AC +4)
You are immune to poison.
You resist negative energy. (rN+)
You are resistant to electric shocks. (rElec)
You are resistant to unholy torment.
You are immune to petrification.


Message History

You miss the adder.
The adder is almost dead.
The adder bites you but does no damage. The adder closely misses you.
You hit the adder.
You kill the adder!
The white imp gestures at you. The puff of frost hits you!
The white imp gestures at you. The puff of frost hits you!
You feel your strength returning.
You have reached level 5!
There is a stone staircase leading up here.
Found 10 gold pieces and a long copper wand.
Found an escape hatch in the ceiling.
The white imp hits you but does no damage.
You closely miss the white imp. You block the white imp's attack.
You hit the white imp but do no damage.
The white imp hits you but does no damage.
You hit the white imp.
The white imp is lightly wounded.
The white imp hits you. The white imp freezes you.
* * * LOW HITPOINT WARNING * * *
You block the white imp's attack.
You closely miss the white imp.
The white imp is lightly wounded.
The white imp gestures at you. The puff of frost hits you.
* * * LOW HITPOINT WARNING * * *
You hit the white imp but do no damage.
The white imp is lightly wounded.
The white imp barely misses you.
You barely miss the white imp.
The white imp is lightly wounded.
The white imp closely misses you.
Okay, then.
Your +2 hammer of protection hums with potential!
b - a +2 hammer of protection (weapon)
The white imp gestures at you. The puff of frost hits you.
You die...

## . # ..
.. # #.#.
####<
.#.#.#.
#..$
.......##†#
...#......#
......5@<.#
.......#.##
######.#...
#.##### #.
#. #. #/


You could see a white imp.

Vanquished Creatures
  Crazy Yiuf (D:2)
  6 adders
  A dart slug (D:2)
  2 ribbon worms (D:2)
  3 endoplasms (D:2)
  2 giant cockroaches
  6 goblins
  2 hobgoblins (D:1)
  A quokka (D:2)
  2 ball pythons
  2 bats
  5 kobolds
  3 rats
36 creatures vanquished.

Notes
Turn   | Place    | Note
-------+----------+-------------------------------------------
     0 | D:1      | Gadfly the Gargoyle Fighter began the quest for the Orb.
     0 | D:1      | Reached XP level 1. HP: 14/14 MP: 1/1
   400 | D:1      | Reached XP level 2. HP: 13/19 MP: 2/2
   721 | D:2      | Reached skill level 1 in Invocations
   721 | D:2      | Reached skill level 1 in Evocations
   721 | D:2      | Reached XP level 3. HP: 12/23 MP: 3/3
  1078 | D:2      | Reached XP level 4. HP: 28/28 MP: 5/5
  1393 | D:2      | Found a runed translucent door.
  1394 | D:2      | Noticed Crazy Yiuf
  1405 | D:2      | Killed Crazy Yiuf
  1523 | D:3      | Reached XP level 5. HP: 15/33 MP: 6/6
  1531 | D:3      | Killed from afar by a white imp

Illustrated notes

Levels and vault maps discovered:
D:1:      dpeg_arrival_castle, layout_loops_ring
D:2:      layout_loops_ring, uniq_crazy_yiuf_cottage
D:3:      layout_basic, chequers_ecumenical_altar_simple, uniq_robin

Skill      XL: |  1  2  3  4 |
---------------+-------------+-----
Invocations    | 1 2 |  2.1
Evocations     | 1 |  1.6
Fighting       | |  3.7
Maces & Flails | |  2.9
Armour         | |  3.6
Shields        | |  3.6

Action                     |  1- 3 |  4- 6 || total
---------------------------+-------+-------++-------
  Melee: Flail             |    95 |    38 ||   133
         Mace              |       |    14 ||    14
    Use: Scroll            |     2 |     5 ||     7
         Potion            |       |     3 ||     3
 Armour: Scale mail        |    62 |    43 ||   105
  Dodge: Dodged            |    39 |    18 ||    57
  Block: Buckler           |    20 |    12 ||    32
